 Dungeon Crawl Stone Soup version 0.30.2 (webtiles) character file.

Game seed: 17159991367497036614

178 Ashen the Ogre Mage (level 5, -2/73 HPs)
             Began as an Ogre Hedge Wizard on Jan 19, 2024.
             Slain by Menkaure (5 damage)
             ... on level 4 of the Dungeon.
             The game lasted 00:09:44 (3631 turns).

Ashen the Ogre Mage (Ogre Hedge Wizard)             Turns: 3631, Time: 00:09:44

Health: -2/73      AC: 22    Str: 14    XL:     5   Next: 58%
Magic:  11/11      EV:  1    Int: 17    God:
Gold:   100        SH:  0    Dex:  8    Spells: 4/12 levels left

rFire   . . .        n - +1 dagger (venom)
rCold   . . .        (no shield)
rNeg    . . .        b - melded +0 robe
rPois   +            c - melded +0 hat
rElec   .            (cloak currently unavailable)
rCorr   .            (gloves unavailable)
SInv    .            (boots unavailable)
Will    .....        k - amulet of the acrobat
Stlth   ++           (no ring)
HPRegen 0.32/turn    (no ring)
MPRegen 0.12/turn

%: acrobat
@: tree-form
A: stationary, stasis, torment immunity, boosted hp, large, unfitting armour,
(tough skin 1)
a: no special abilities


You were on level 4 of the Dungeon.
You were a tree.
You visited 1 branch of the dungeon, and saw 4 of its levels.

You collected 100 gold pieces.

Inventory:

Hand Weapons
 g - a +0 whip
 n - a +1 dagger of venom (weapon)
Armour
 b - a +0 robe (melded)
 c - a +0 hat (melded)
Jewellery
 k - an amulet of the acrobat (around neck)
Scrolls
 a - a scroll of fog {unknown}
 e - a scroll of identify
 f - a scroll of blinking {unknown}
 i - a scroll of enchant weapon {unknown}
 l - 2 scrolls of teleportation {unknown}
 m - a scroll of amnesia {unknown}
 o - a scroll of immolation {unknown}
Potions
 d - a potion of magic
 h - 2 potions of lignification
 j - a potion of resistance
 p - a potion of flight {unknown}
 q - a potion of degeneration {unknown}
 r - a potion of mutation {unknown}


   Skills:
 + Level 1.9 Fighting
 + Level 0.7 Maces & Flails
 + Level 2.2 Dodging
 + Level 1.9 Stealth
 * Level 4.3 Spellcasting
 * Level 2.0 Conjurations
 + Level 1.7 Summonings
 + Level 1.5 Translocations
 + Level 0.6 Air Magic
 + Level 0.6 Poison Magic


You had 4 spell levels left.
You knew the following spells:

 Your Spells              Type           Power      Damage    Failure   Level
a - Magic Dart            Conj           40%        1d5       7%          1
b - Call Imp              Summ           18%        N/A       12%         2
c - Blink                 Tloc           16%        N/A       12%         2
d - Mephitic Cloud        Conj/Pois/Air  7%         N/A       28%         3

Your spell library contained the following spells:

 Spells                   Type           Power      Damage    Failure   Level
 Slow                     Hex            12%        N/A       16%         1
 Cigotuvi's Dreadful Rot  Necr/Pois/Air  10%        N/A       19%         2


Dungeon Overview and Level Annotations

Branches:
Dungeon (4/15)
 Temple: D:4-7

Altars:
Ru
Uskayaw

Shops:
D:1 *[   D:2 !**

Annotations:
D:4 exclusion: ice beast, Menkaure


Innate Abilities, Weirdness & Mutations

You are a tree.
Your roots penetrate the ground, keeping you stationary.
You cannot be teleported.
You are immune to unholy pain and torment.
Your maximum health is greatly increased.
Your equipment is partially melded.
You are too large for most types of armour.
((You have tough skin. (AC +1)))


Message History

* * * LOW HITPOINT WARNING * * *
You barely miss Natasha.
Natasha is severely wounded.
Menkaure hits you but does no damage. Natasha claws you but does no damage.
You hit Natasha.
Natasha is poisoned.
Natasha is severely wounded.
Menkaure hits you.
* * * LOW HITPOINT WARNING * * *
Natasha hisses.
Natasha claws you but does no damage.
You hit Natasha but do no damage.
Natasha looks as sick as possible!
Natasha is severely wounded.
Natasha casts a spell at you.
The magic dart hits you but does no damage.
Menkaure hits you but does no damage.
You hit Menkaure.
Menkaure is lightly damaged.
Natasha mumbles some strange words.
Menkaure hits you but does no damage.
You barely miss Menkaure.
Menkaure is lightly damaged.
Natasha claws you but does no damage.
The cerulean imp hits you with a +2 spear.
* * * LOW HITPOINT WARNING * * *
You hit Menkaure but do no damage.
Menkaure is lightly damaged.
You kill Natasha!
Natasha screams in pain as she dies!
The cerulean imp disappears in a puff of smoke!
Menkaure casts a spell.
Menkaure seems to speed up.
Your Conjurations skill increases to level 2!
You hit Menkaure.
Menkaure is moderately damaged.
Menkaure breathes soot at you. Menkaure hits you but does no damage.
You hit Menkaure but do no damage.
Menkaure is moderately damaged.
Menkaure hits you but does no damage. Menkaure hits you.
You die...

#..# #..# #..# #####
#####..#####.....
......##.....≈≈.
########.[.#....≈..≈.
.###..........#.#..≈≈...
......M...........(...._
#...♣....#.###..≈≈...
#.####..........≈..≈.
#.###.####...≈≈. #.#
#........... #.#
#######..### ... .. #.##
#.# #.###.# #.# #.....#
# #.# #..##.#


You could see Menkaure (fast).

Vanquished Creatures
  Natasha (D:4)
  3 gnolls (D:2)
  5 adders
  3 worms
  4 dart slugs
  An orc (D:3)
  7 endoplasms
  3 giant cockroaches
  8 goblins
  3 hobgoblins (D:1)
  6 jackals
  6 kobolds
  2 quokkas (D:1)
  4 ball pythons
  5 bats
  4 frilled lizards
  5 rats
70 creatures vanquished.

Notes
Turn   | Place    | Note
-------+----------+-------------------------------------------
     0 | D:1      | Ashen the Ogre Hedge Wizard began the quest for the Orb.
     0 | D:1      | Reached XP level 1. HP: 16/16 MP: 5/5
   125 | D:1      | Reached skill level 1 in Conjurations
   125 | D:1      | Reached skill level 1 in Summonings
   134 | D:1      | Reached skill level 1 in Translocations
   202 | D:1      | Reached XP level 2. HP: 24/24 MP: 2/6
   806 | D:1      | Reached XP level 3. HP: 30/32 MP: 8/8
   815 | D:1      | Learned a level 2 spell: Call Imp
   818 | D:1      | Learned a level 2 spell: Blink
   822 | D:1      | Learned a level 3 spell: Mephitic Cloud
   877 | D:1      | Found Routz's Assorted Antiques.
  1129 | D:1      | Found Qoatio Tour's Antique Armour Emporium.
  1424 | D:2      | Reached skill level 4 in Spellcasting
  1536 | D:2      | Reached XP level 4. HP: 40/40 MP: 2/10
  1548 | D:2      | Reached skill level 1 in Fighting
  1775 | D:2      | Found a faded altar of an unknown god.
  1820 | D:2      | Found Uruchiwn's Assorted Antiques.
  1864 | D:2      | Found Usyloe's General Store.
  2235 | D:2      | Found Waojawn's Distillery.
  2958 | D:3      | Reached XP level 5. HP: 47/48 MP: 4/11
  3352 | D:3      | Noticed a +0 hand axe
  3352 | D:3      | Noticed a +0 dagger
  3353 | D:3      | Found a hide-covered altar of Uskayaw.
  3599 | D:4      | Found a sacrificial altar of Ru.
  3602 | D:4      | Noticed an ice beast
  3614 | D:4      | Noticed Natasha
  3616 | D:4      | Noticed Menkaure
  3625 | D:4      | HP: 2/73 [Menkaure (4)]
  3629 | D:4      | Killed Natasha
  3631 | D:4      | Slain by Menkaure

Illustrated notes

Levels and vault maps discovered:
D:1:      onia_arrival_pentagram, layout_basic, serial_shops, shop, shop
D:2:      layout_rooms, hellmonk_ecumenical_altar_inner_sanctum, serial_shops,
          shop, nicolae_shop_advertising_works [nicolae_subvault_shop_adworks],
          nicolae_shop_tiny_statue_garden
D:3:      layout_basic, dancing_weapons_uskayaw
D:4:      layout_loops_ring, mainiacjoe_overflow_small_starburst, serial_shops,
          nicolae_shop_tiny_waterfront, minmay_quantized, uniq_menkaure,
          uniq_natasha

Skill      XL: |  1  2  3  4  5 |
---------------+----------------+-----
Conjurations   | 1 2 |  2.0
Summonings     | 1 |  1.7
Translocations | 1 |  1.5
Dodging        | 2 |  2.2
Spellcasting   | 4 |  4.3
Fighting       | 1 |  1.9
Maces & Flails | |  0.7
Stealth        | |  1.9
Air Magic      | |  0.6
Poison Magic   | |  0.6

Action                     |  1- 3 |  4- 6 || total
---------------------------+-------+-------++-------
  Melee: Dagger            |    50 |    47 ||    97
         Whip              |     8 |    32 ||    40
   Cast: Magic Dart        |    89 |   112 ||   201
         Mephitic Cloud    |       |     1 ||     1
    Use: Scroll            |       |     2 ||     2
         Potion            |       |     1 ||     1
   Stab: Sleeping          |     1 |       ||     1
 Armour: Robe              |    25 |    17 ||    42
         Skin              |       |     9 ||     9
  Dodge: Dodged            |    30 |    51 ||    81
